 Dungeon Sprint DCSS version 0.16-b1 (webtiles) character file.

350 Medar the Basher (level 6, -1/71 HPs)
             Began as an Ogre Hunter on Mar 6, 2015.
             Was an Initiate of Makhleb.
             Slain by Sonja
             ... wielding a +0 dagger of venom
              (2 damage)
             ... in the Dungeon (Sprint I: "Red Sonja").
             The game lasted 00:02:26 (413 turns).

Medar the Basher (Ogre Hunter)                       Turns: 413, Time: 00:02:26

Health: -1/71      AC:  3    Str: 20    XL:     6   Next: 60%
Magic:  6/6        EV: 10    Int: 10    God:    Makhleb [......]
Gold:   311        SH:  0    Dex: 10    Spells: 0 memorised, 5 levels left

rFire  . . .     SeeInvis .     a - +0 giant spiked club
rCold  . . .     Clarity  .     d - +0 animal skin
rNeg   . . .     SustAb   .     (shield restricted)
rPois  .         Gourm    .     (helmet restricted)
rElec  .         Spirit   .     (no cloak)
rCorr  .         Warding  .     (gloves unavailable)
rMut   .         NoTele   +     (boots unavailable)
MR     .....                    (no amulet)
Stlth  +.........               (no ring)
                                (no ring)

@: lethally poisoned (-1 -> -78), short of breath, slowed, very slow, not
resistant to hostile enchantments, very unstealthy
A: unfitting armour, tough skin 1
a: Renounce Religion


You were in the Dungeon.
You worshipped Makhleb.
Makhleb was noncommittal.
You were not hungry.

You visited 1 branch You collected 311 gold pieces.

Inventory:

Hand weapons
 a - a +0 giant spiked club (weapon)
 m - a +0 short sword
Missiles
 c - a throwing net {=f =F}
Armour
 d - a +0 animal skin (worn)
Scrolls
 k - a scroll of blinking
 o - a scroll of random uselessness {unknown}
Potions
 e - a potion of curing {@q1}
 g - a potion of heal wounds
 h - a potion of haste
 i - 2 potions of magic
 j - a potion of berserk rage {!q}
 n - a potion of restore abilities {unknown}
Comestibles
 f - a meat ration


   Skills:
 - Level 7.0 Fighting
 + Level 13.1 Maces & Flails
 - Level 8.9 Throwing
 - Level 1.7 Dodging
 - Level 0.7 Stealth


You had 5 spell levels left.
You didn't know any spells.

Dungeon Overview and Level Annotations

Branches:
Dungeon (1/1)

Altars:
Elyvilon
Gozag
Kikubaaqudgha
Makhleb
Nemelex Xobeh
Okawaru
Qazlal
Ru
Sif Muna
Trog
Vehumet
Xom
Yredelemnul
Zin
The Shining One

Shops:
D =

Annotations:
D Sonja


Innate Abilities, Weirdness & Mutations

You are too large for most types of armour.
You have tough skin (AC +1).


Message History

Sonja hits you with an uncursed dagger of venom.
* * * LOW HITPOINT WARNING * * *
You are more poisoned.
Sonja hits you with an uncursed dagger of venom.
* * * LOW HITPOINT WARNING * * *
You are more poisoned.
Sonja hits you but does no damage.
You aren't carrying any items that can be evoked.
Fire/throw which item? (* to show all) (? for menu, Esc to quit)
Press: ? - help, Shift-Dir - straight line, f/p - Sonja
Aim: Sonja, wielding a dagger of venom You throw a throwing net {=f =F}.
The throwing net {=f =F} barely misses Sonja.
* * * LOW HITPOINT WARNING * * *
You feel extremely sick.
Sonja hits you with an uncursed dagger of venom.
* * * LOW HITPOINT WARNING * * *
You are more poisoned.
Sonja hits you with an uncursed dagger of venom.
You die...

################
#<.#..'..#..'..#
#..').#..').#..+
#..#####'#####'#
#..## #..#...#.#
#..#__####..##.#
#..#_..__##'#..+
#⌠⌠#_.∩...'.(._#
####_..._##_@#'#
#_____###K#.#
####### #(###
$($ $($ ##.##
#+#


You could see Sonja.

Vanquished Creatures
  A yak (D)
  An ogre (D)
  Sigmund (D)
  A jelly (D)
  Ijyb (D)
5 creatures vanquished.

Notes
Turn   | Place    | Note
--------------------------------------------------------------
     0 | D        | Medar, the Ogre Hunter, began the quest for the Orb.
     0 | D        | Reached XP level 1. HP: 22/22 MP: 1/1
     1 | D        | Noticed Ijyb
     4 | D        | Killed Ijyb
     4 | D        | Reached skill level 6 in Throwing
     4 | D        | Reached XP level 2. HP: 27/33 MP: 2/2
    12 | D        | Noticed an ogre
    13 | D        | Killed an ogre
    13 | D        | Reached skill level 7 in Fighting
    13 | D        | Reached skill level 8 in Throwing
    13 | D        | Reached XP level 3. HP: 31/46 MP: 3/3
    13 | D        | Reached XP level 4. HP: 37/55 MP: 4/4
    28 | D        | Noticed Sigmund
    31 | D        | Killed Sigmund
    31 | D        | Reached XP level 5. HP: 46/62 MP: 5/5
    48 | D        | Found a deep blue altar of Sif Muna.
    49 | D        | Noticed a jelly
    50 | D        | Killed a jelly
    50 | D        | Reached skill level 9 in Maces & Flails
    51 | D        | Found a radiant altar of Vehumet.
    83 | D        | Found Ikacsouz's Jewellery Emporium.
    83 | D        | Found a white marble altar of Elyvilon.
    83 | D        | Found a stormy altar of Qazlal.
    83 | D        | Found a burning altar of Makhleb.
    83 | D        | Found a sacrificial altar of Ru.
    83 | D        | Found a basalt altar of Yredelemnul.
    83 | D        | Found a glowing golden altar of the Shining One.
    83 | D        | Found a sparkling altar of Nemelex Xobeh.
    83 | D        | Found a shimmering altar of Xom.
    83 | D        | Found an opulent altar of Gozag.
    83 | D        | Found an ancient bone altar of Kikubaaqudgha.
    83 | D        | Found a glowing silver altar of Zin.
    83 | D        | Noticed a yak
    92 | D        | Killed a yak
    92 | D        | Reached skill level 13 in Maces & Flails
    92 | D        | Reached XP level 6. HP: 5/71 MP: 6/6
    93 | D        | Found an iron altar of Okawaru.
    97 | D        | Found a bloodstained altar of Trog.
   106 | D        | Became a worshipper of Makhleb the Destroyer
   405 | D        | Noticed Sonja
   413 | D        | HP: 3/71 [poisoned by Sonja]
   413 | D        | HP: 1/71 [Sonja/uncursed dagger of venom (2)]
   413 | D        | Slain by Sonja

Action                   |  1- 3 |  4- 6 || total
-------------------------+-------+-------++-------
Melee: Giant spiked club |       |     9 ||     9
Throw: Large rock        |     4 |    11 ||    15
       Throwing net      |       |     1 ||     1
